 Dungeon Crawl Stone Soup version 0.27-a0-1065-ge809cff456 (webtiles) character file.

Game seed: 16640998269275409626

114 tsouns the Chiller (level 4, -3/40 HPs)
             Began as a Demonspawn Ice Elementalist on Apr 22, 2021.
             Was a Follower of Hepliaklqana.
             Slain by a gnoll
             ... wielding a +0 halberd
              (6 damage)
             ... on level 2 of the Dungeon.
             The game lasted 00:04:55 (2139 turns).

tsouns the Chiller (Demonspawn Ice Elementalist)    Turns: 2139, Time: 00:04:56

Health: -3/40      AC: 22    Str:  8    XL:     4   Next: 66%
Magic:  1/9        EV:  2    Int: 18    God:    Hepliaklqana [*.....]
Gold:   81         SH:  0    Dex: 13    Spells: 3/10 levels left

rFire    . . .     SeeInvis .   g - +1 hunting sling (vorpal)
rCold    . . .     Faith    .   (no shield)
rNeg     + + +     Spirit   .   (armour currently unavailable)
rPois    +         Reflect  .   (helmet currently unavailable)
rElec    .         Harm     .   (cloak currently unavailable)
rCorr    .         Rampage  .   (gloves currently unavailable)
Will     .....     NoTele   +   (boots currently unavailable)
Stlth    ++........             (no amulet)
HPRegen  0.13/turn              (no ring)
MPRegen  0.11/turn              (no ring)

@: tree-form
A: stationary, stasis, torment immunity, boosted hp, reduced essence, (antennae
1), ignite blood 1, (talons 1), evolution 1
a: Renounce Religion, Recall Ancestor, Ancestor Identity


You were on level 2 of the Dungeon.
You worshipped Hepliaklqana.
Hepliaklqana was aware of your devotion.
You were a tree.
You visited 1 branch of the dungeon, and saw 2 of its levels.

You collected 81 gold pieces.

Inventory:

Hand Weapons
 e - a +0 hand axe
 g - a +1 vorpal hunting sling (weapon)
 h - a +0 flail
Missiles
 i - 35 stones (quivered ammo)
Armour
 a - a +1 robe (melded)
Scrolls
 f - a scroll of enchant armour
Potions
 c - 2 potions of mutation


   Skills:
 - Level 1.7 Dodging
 - Level 1.7 Stealth
 + Level 3.5 Spellcasting
 + Level 4.7 Ice Magic


You had 3 spell levels left.
You knew the following spells:

 Your Spells              Type           Power      Damage    Failure   Level
a - Freeze                Ice            80%        1d9       2%          1
b - Frozen Ramparts       Ice            40%        1d6       7%          3
c - Ozocubu's Armour      Ice            20%        N/A       7%          3

Your spell library contained the following spells:

 Spells                   Type           Power      Damage    Failure   Level
 Hailstorm                Conj/Ice       11%        3d5       52%         4
 Metabolic Englaciation   Hex/Ice        5%         N/A       86%         5


Dungeon Overview and Level Annotations

Branches:
Dungeon (2/15)

Altars:
Hepliaklqana
Sif Muna


Innate Abilities, Weirdness & Mutations

You are a tree.
Your roots penetrate the ground, keeping you stationary.
You cannot be teleported.
You are immune to unholy pain and torment.
Your maximum health is greatly increased.
Your equipment is partially melded.
Your life essence is reduced to manifest your ancestor. (-10% HP)
((You have a pair of small antennae on your head.))
Your demonic aura sometimes causes spilled blood to erupt in flames ((You have sharp toenails.))
You evolve.


Message History

It was a potion of lignification.
You turn into a tree.
Your +0 robe melds into your body.
Your roots penetrate the ground.
The net rips apart!
The frozen ramparts melt away as you move.
The gnoll shaman calls upon its god to heal the gnoll.
The gnoll is healed somewhat.
The gnoll barely misses Ahhotep.
Ahhotep hits the gnoll.
Casting: Frozen Ramparts (dangerous; 7% risk of failure)
Confirm with . or Enter, or press ? or * to list all spells.
Aiming: Freeze (safe; 2% risk of failure)
Press: ? - help, Shift-Dir - straight line, f - gnoll
Aim: a gnoll, wielding a +0 whip (severely wounded, ally target)
You freeze the gnoll.
The gnoll is almost dead.
The gnoll hits Ahhotep with a +0 halberd!
Ahhotep is destroyed!
Casting: Freeze (safe; 2% risk of failure)
Confirm with . or Enter, or press ? or * to list all spells.
You don't have enough magic to cast this spell.
Unknown command.
You cannot move.
You hit the gnoll.
You kill the gnoll!
Okay, then.
As you read the scroll labelled ZOOKHIVOYPO, it crumbles to dust.
It is a scroll of enchant armour.
Your +0 robe glows green for a moment.
The gnoll hits you but does no damage.
Okay, then.
As you read the scroll labelled ADEOL XAPLEIMUE, it crumbles to dust.
It is a scroll of amnesia.
Really abort (and waste the scroll)?
Okay, then.
The gnoll hits you but does no damage.
Unknown command.
As you read the scroll labelled LUESOT ZUME, it crumbles to dust.
You feel a strange sense of stasis.
It was a scroll of teleportation.
The gnoll hits you but does no damage.
g - a +1 vorpal hunting sling (weapon)
The gnoll hits you from afar with a +0 halberd.
You die...

###<# #.#
#.####..##.#.
.... #.#
#............
..#### # #.#
######.......
...... .. #.#
##...... ......
... #.# ####.##
...... .... #.#
#.# ......
..... #.# #.#
....(.
..≈≈g≈###)##
#######.#
##....
....g≈.).♣.#
#.......# #
....
....!≈.g...#
#.####### ##
...
)...#..###.#
#.# .# .. ...
##+##########.#
.# #
#≈≈≈≈#......#
.r#
#≈...########
##### #+###
#≈...#
######....
≈≈≈≈# #≈...#
#.........
≈≈≈≈# #≈...##
#.#..≈≈..#


You could see a gnoll shaman and 2 gnolls.

Vanquished Creatures
  5 gnolls
  2 adders (D:2)
  A dart slug (D:1)
  5 bats
  2 endoplasms
  3 goblins (D:1)
  6 hobgoblins
  9 jackals (D:1)
  2 quokkas
  3 ball pythons
  2 frilled lizards (D:1)
  2 kobolds
  2 rats (D:1)
44 creatures vanquished.

Vanquished Creatures (others)
  An ancestor (D:2)
1 creature vanquished.

Grand Total: 45 creatures vanquished

Notes
Turn   | Place    | Note
-------+----------+-------------------------------------------
     0 | D:1      | tsouns the Demonspawn Ice Elementalist began the quest for
                  | the Orb.
     0 | D:1      | Reached XP level 1. HP: 13/13 MP: 3/3
   141 | D:1      | Gained mutation: Your demonic aura sometimes causes spilled
                  | blood to erupt in flames [demonic ancestry]
   141 | D:1      | Reached XP level 2. HP: 17/19 MP: 0/5
   235 | D:1      | Reached skill level 4 in Ice Magic
   642 | D:1      | Reached XP level 3. HP: 18/24 MP: 2/7
   647 | D:1      | Learned a level 3 spell: Frozen Ramparts
   651 | D:1      | Learned a level 3 spell: Ozocubu's Armour
  1413 | D:2      | Gained mutation: You have a pair of small antennae on your
                  | head. [demonic ancestry]
  1413 | D:2      | Reached XP level 4. HP: 4/30 MP: 4/8
  1921 | D:2      | Found a faded altar of an unknown god.
  1927 | D:2      | Became a worshipper of Hepliaklqana the Forgotten
  1927 | D:2      | Reached * piety under Hepliaklqana
  1944 | D:2      | Found a shimmering blue altar of Sif Muna.
  2131 | D:2      | Gained mutation: You have sharp toenails. [potion of
                  | mutation]
  2131 | D:2      | Gained mutation: You evolve. [potion of mutation]
  2131 | D:2      | HP: 1/27 [gnoll/+0 spear (3)]
  2139 | D:2      | Slain by a gnoll

Illustrated notes

Levels and vault maps discovered:
D:1:      dpeg_arrival_radiant, layout_rooms
D:2:      layout_loops_ring, serial_shops, nicolae_shop_behind_doors,
          serial_rivers, chequers_serial_rivers_micro_c,
          chequers_serial_rivers_room_b, chequers_serial_rivers_room_a,
          chequers_serial_rivers_micro_e, chequers_serial_rivers_micro_e,
          chequers_serial_rivers_micro_c,
          shapermc_ecumenical_altar_mp_highgroup, basic_altar,
          chequers_serial_rivers_micro_e

Skill      XL: |  1  2  3 |
---------------+----------+-----
Ice Magic      | 4 |  4.7
Spellcasting   | 3 |  3.5
Dodging        | |  1.7
Stealth        | |  1.7

Action                   |  1- 3 |  4- 6 || total
-------------------------+-------+-------++-------
Melee: Unarmed           |     6 |       ||     6
       Flail             |    34 |     2 ||    36
 Cast: Freeze            |    38 |    12 ||    50
       Frozen Ramparts   |     1 |     3 ||     4
       Ozocubu's Armour  |     1 |       ||     1
  Use: Scroll            |       |     3 ||     3
       Potion            |       |     3 ||     3
 Stab: Sleeping          |     1 |       ||     1
Armor: Robe              |    12 |       ||    12
       Skin              |       |     3 ||     3
Dodge: Dodged            |    66 |     8 ||    74

Table legend: (Time is in decaauts)
 A = Elapsed time spent in this place.
 B = Non-inter-level travel time spent in this place.
 C = Inter-level travel time spent in this place.
 D = Time resting spent in this place.
 E = Time spent auto-exploring this place.
 F = Levels seen in this place.
 G = Mean time per level.
                   A        B        C        D        E       F      G
               +--------+--------+--------+--------+--------+-----+--------+
         Total |   2152 |   2096 |     56 |      0 |   1701 |   2 | 1076.0 |
       Dungeon |   2152 |   2096 |     56 |      0 |   1701 |   2 | 1076.0 |
               +--------+--------+--------+--------+--------+-----+--------+

Top non-repeatable levels by time:
     D:1: 1397 daAuts
     D:2: 754 daAuts
